SL
RICHARDSON CITY THUNDERCATS @ D.C. DIVIDED
06/24/2032
 
TOP OF THE 1ST
Richardson City Thundercats batting - Pitching for D.C. Divided : LHP Domingo Montémayor
Pitching: LHP Domingo Montémayor
Batting: LHB Juan Macíel 0-0: Ball
1-0: Called Strike
1-1: Foul Ball, location: 2F
1-2: Foul Ball, location: 2F
1-2: Strikes out swinging
Batting: RHB Alfredo Pizarro 0-0: SINGLE (Groundball, 6MD)
Batting: RHB Felipe Campos 0-0: Foul Ball, location: 2F
0-1: Foul Ball, location: 2F
0-2: Grounds into double play, 4-6-3 (Groundball, 4)
Top of the 1st over - 0 runs, 1 hit, 0 errors, 0 left on base; Richardson City 0 - D.C. 0
BOTTOM OF THE 1ST
D.C. Divided batting - Pitching for Richardson City Thundercats : LHP Gustavo Tobías
Pitching: LHP Gustavo Tobías
Batting: RHB Nick Boyd 0-0: Called Strike
0-1: Ball
1-1: Ball
2-1: Ground out 5-3 (Groundball, 5S)
Batting: RHB Tony Romero 0-0: Ball
1-0: Foul Ball, location: 2F
1-1: Bunted foul
1-2: Foul Ball, location: 2F
1-2: Foul Ball, location: 2F
1-2: Ball
2-2: Foul Ball, location: 2F
2-2: Ball
3-2: Foul Ball, location: 2F
3-2: Base on Balls
Batting: RHB Arturo Rodríguez 0-0: Swinging Strike
0-1: Ball
1-1: Ball
2-1: Foul Ball, location: 2F
2-2: Foul Ball, location: 2F
2-2: Ball
3-2: Fly out, F9 (Flyball, 9)
Batting: RHB Wilbur Davis 0-0: Ball
Throwing error on steal attempt, E2
Tony Romero to third
1-0: Ball
2-0: Called Strike
2-1: Foul Ball, location: 2F
2-2: Ball
3-2: Strikes out looking
Bottom of the 1st over - 0 runs, 0 hits, 1 error, 1 left on base; Richardson City 0 - D.C. 0
TOP OF THE 2ND
Richardson City Thundercats batting - Pitching for D.C. Divided : LHP Domingo Montémayor
Batting: RHB Anselmo Berneu 0-0: Ball
1-0: Ball
2-0: SINGLE (Groundball, 34S) (infield hit)
Batting: LHB Ashley Thachi 0-0: Ground out U3 (Groundball, 23)
Anselmo Berneu to second
Batting: RHB Tomás Martínez 0-0: Ball
1-0: Foul Ball, location: 2F
1-1: SINGLE (Groundball, 6MD)
Anselmo Berneu to third
Runner from 3rd tries for Home, SAFE, no throw
Batting: RHB Javier Rivera 0-0: Called Strike
0-1: Ball
1-1: Foul Ball, location: 2F
1-2: Foul Ball, location: 2F
1-2: SINGLE (Groundball, 6MD)
Tomás Martínez to second
Batting: RHB IV Seacat 0-0: Ball
1-0: Ball
2-0: Ball
3-0: Called Strike
3-1: Base on Balls
Tomás Martínez to third
Javier Rivera to second
Batting: RHB Louis Gibbons 0-0: Called Strike
0-1: Ball
1-1: Foul Ball, location: 2F
1-2: Ball
2-2: Grounds into double play, 6-4-3 (Groundball, 6)
Top of the 2nd over - 1 run, 3 hits, 0 errors, 2 left on base; Richardson City 1 - D.C. 0
BOTTOM OF THE 2ND
D.C. Divided batting - Pitching for Richardson City Thundercats : LHP Gustavo Tobías
Batting: LHB Obidiah Lewis 0-0: Ball
1-0: SOLO HOME RUN (Flyball, 9D), Distance : 387 ft
Batting: RHB Brant Thigpen 0-0: Ball
1-0: Ball
2-0: Ball
3-0: Called Strike
3-1: Called Strike
3-2: Foul Ball, location: 2F
3-2: Base on Balls
Batting: RHB Roberto Maestas 0-0: Ball
1-0: Swinging Strike
1-1: DOUBLE (Line Drive, 7LM)
Brant Thigpen to third
Runner from 3rd tries for Home, SAFE, no throw
Batting: LHB Yao-pang Chiang 0-0: Called Strike
0-1: Ball
1-1: Ground out U3 (Groundball, 3)
Roberto Maestas to third
Batting: RHB Julián Salcido 0-0: Called Strike
0-1: SINGLE (Line Drive, 78M)
Roberto Maestas scores
Batting: RHB Nick Boyd 0-0: Called Strike
0-1: Called Strike
0-2: Fly out, F6 (Popup, 6)
Batting: RHB Tony Romero 0-0: Ball
1-0: Swinging Strike
1-1: SINGLE (Line Drive, 4MD)
Julián Salcido to second
Batting: RHB Arturo Rodríguez 0-0: Called Strike
0-1: Fly out, F9 (Flyball, 9LS)
Bottom of the 2nd over - 3 runs, 4 hits, 0 errors, 2 left on base; Richardson City 1 - D.C. 3
TOP OF THE 3RD
Richardson City Thundercats batting - Pitching for D.C. Divided : LHP Domingo Montémayor
Batting: LHB Juan Macíel 0-0: Ball
1-0: Ball
2-0: Called Strike
2-1: Ball
3-1: Base on Balls
Batting: RHB Alfredo Pizarro 0-0: Called Strike
0-1: Swinging Strike
0-2: Ball
1-2: Ball
2-2: Strikes out swinging
Batting: RHB Felipe Campos 0-0: Ball
1-0: Ball
2-0: Ball
3-0: Base on Balls
Juan Macíel to second
Batting: RHB Anselmo Berneu 0-0: Called Strike
0-1: Grounds into double play, 5-4-3 (Groundball, 56)
Top of the 3rd over - 0 runs, 0 hits, 0 errors, 1 left on base; Richardson City 1 - D.C. 3
BOTTOM OF THE 3RD
D.C. Divided batting - Pitching for Richardson City Thundercats : LHP Gustavo Tobías
Batting: RHB Wilbur Davis 0-0: Called Strike
0-1: Called Strike
0-2: Ball
1-2: Foul Ball, location: 2F
1-2: SINGLE (Groundball, 56D)
Batting: LHB Obidiah Lewis 0-0: Foul Ball, location: 2F
0-1: Ball
1-1: SINGLE (Line Drive, 6D)
Wilbur Davis to second
Batting: RHB Brant Thigpen 0-0: Foul Ball, location: 2F
0-1: Swinging Strike
0-2: Ball
1-2: Ball
2-2: Ball
3-2: Strikes out swinging
Obidiah Lewis is caught stealing 2nd base
Batter strikes out.
Batting: RHB Roberto Maestas 0-0: Called Strike
0-1: Swinging Strike
0-2: SINGLE (Line Drive, 6M)
Wilbur Davis scores
Pitching: RHP Weston Fisher
Batting: LHB Yao-pang Chiang 0-0: Swinging Strike
0-1: Ball
1-1: Ball
2-1: Fly out, F8 (Flyball, 8LS)
Bottom of the 3rd over - 1 run, 3 hits, 0 errors, 1 left on base; Richardson City 1 - D.C. 4
TOP OF THE 4TH
Richardson City Thundercats batting - Pitching for D.C. Divided : LHP Domingo Montémayor
Batting: LHB Ashley Thachi 0-0: Ball
1-0: Ground out 4-3 (Groundball, 34D)
Batting: RHB Tomás Martínez 0-0: Foul Ball, location: 2F
0-1: Ball
1-1: Swinging Strike
1-2: Ground out 5-3 (Groundball, 56)
Batting: RHB Javier Rivera 0-0: Called Strike
0-1: Called Strike
0-2: Strikes out swinging
Top of the 4th over - 0 runs, 0 hits, 0 errors, 0 left on base; Richardson City 1 - D.C. 4
BOTTOM OF THE 4TH
D.C. Divided batting - Pitching for Richardson City Thundercats : RHP Weston Fisher
Batting: RHB Julián Salcido 0-0: Called Strike
0-1: Ball
1-1: Ball
2-1: Foul Ball, location: 2F
2-2: Fly out, F8 (Flyball, 8RM)
Batting: RHB Nick Boyd 0-0: Ball
1-0: Ball
2-0: Ball
3-0: Called Strike
3-1: Called Strike
3-2: Ground out U3 (Groundball, 34D)
Batting: RHB Tony Romero 0-0: Foul Ball, location: 2F
0-1: Fly out, F3 (Popup, 3SF)
Bottom of the 4th over - 0 runs, 0 hits, 0 errors, 0 left on base; Richardson City 1 - D.C. 4
TOP OF THE 5TH
Richardson City Thundercats batting - Pitching for D.C. Divided : LHP Domingo Montémayor
Batting: RHB IV Seacat 0-0: Ground out 6-3 (Groundball, 6)
Batting: RHB Louis Gibbons 0-0: Fly out, F8 (Line Drive, 8RD)
Batting: LHB Juan Macíel 0-0: Ball
1-0: Called Strike
1-1: Ball
2-1: Ground out U3 (Groundball, 3)
Top of the 5th over - 0 runs, 0 hits, 0 errors, 0 left on base; Richardson City 1 - D.C. 4
BOTTOM OF THE 5TH
D.C. Divided batting - Pitching for Richardson City Thundercats : RHP Weston Fisher
Batting: RHB Arturo Rodríguez 0-0: Ball
1-0: Swinging Strike
1-1: Called Strike
1-2: Ball
2-2: Ball
3-2: Base on Balls
Batting: RHB Wilbur Davis 0-0: Ball
1-0: Foul Ball, location: 2F
1-1: Fly out, F8 (Flyball, 89D)
Batting: LHB Obidiah Lewis 0-0: Ball
1-0: Swinging Strike
1-1: Fly out, F9 (Flyball, 9S)
Batting: RHB Brant Thigpen 0-0: Called Strike
0-1: Foul Ball, location: 2F
0-2: Ball
1-2: Ball
2-2: Strikes out swinging
Bottom of the 5th over - 0 runs, 0 hits, 0 errors, 1 left on base; Richardson City 1 - D.C. 4
TOP OF THE 6TH
Richardson City Thundercats batting - Pitching for D.C. Divided : LHP Domingo Montémayor
Batting: RHB Alfredo Pizarro 0-0: Called Strike
0-1: Foul Ball, location: 2F
0-2: Ball
1-2: Foul Ball, location: 2F
1-2: Foul Ball, location: 2F
1-2: Ground out 6-3 (Groundball, 6)
Batting: RHB Felipe Campos 0-0: Fly out, F8 (Line Drive, 8RD)
Batting: RHB Anselmo Berneu 0-0: Called Strike
0-1: Swinging Strike
0-2: Ball
1-2: Ball
2-2: SINGLE (Flyball, 78M)
Batting: LHB Ashley Thachi 0-0: Foul Ball, location: 2F
0-1: Ball
1-1: Ball
2-1: Ball
3-1: Base on Balls
Anselmo Berneu to second
Batting: RHB Tomás Martínez 0-0: Called Strike
0-1: Foul Ball, location: 2F
0-2: Strikes out swinging
Top of the 6th over - 0 runs, 1 hit, 0 errors, 2 left on base; Richardson City 1 - D.C. 4
BOTTOM OF THE 6TH
D.C. Divided batting - Pitching for Richardson City Thundercats : RHP Weston Fisher
Batting: RHB Roberto Maestas 0-0: Ball
1-0: Ground out 5-3 (Groundball, 5)
Batting: LHB Yao-pang Chiang 0-0: Ball
1-0: Ball
2-0: Foul Ball, location: 2F
2-1: Fly out, F7 (Flyball, 7S)
Batting: RHB Julián Salcido 0-0: SINGLE (Groundball, 4D)
Batting: RHB Nick Boyd 0-0: Ball
1-0: Called Strike
1-1: Ball
2-1: Foul Ball, location: 2F
2-2: Ball
3-2: Foul Ball, location: 2F
3-2: Fly out, F8 (Flyball, 89M)
Bottom of the 6th over - 0 runs, 1 hit, 0 errors, 1 left on base; Richardson City 1 - D.C. 4
TOP OF THE 7TH
Richardson City Thundercats batting - Pitching for D.C. Divided : LHP Domingo Montémayor
Batting: RHB Javier Rivera 0-0: Ball
1-0: Foul Ball, location: 2F
1-1: Ball
2-1: Fly out, F7 (Flyball, 7)
Batting: RHB IV Seacat 0-0: Ground out 5-3 (Groundball, 5L)
Batting: RHB Louis Gibbons 0-0: Ball
1-0: Foul Ball, location: 2F
1-1: Ball
2-1: Fly out, F7 (Line Drive, 78XD)
Top of the 7th over - 0 runs, 0 hits, 0 errors, 0 left on base; Richardson City 1 - D.C. 4
BOTTOM OF THE 7TH
D.C. Divided batting - Pitching for Richardson City Thundercats : RHP Weston Fisher
Batting: RHB Tony Romero 0-0: Called Strike
0-1: Ball
1-1: SINGLE (Line Drive, 9S)
Batting: RHB Arturo Rodríguez 0-0: Called Strike
0-1: Ball
1-1: Ball
2-1: Ball
Tony Romero steals 2nd base
3-1: Ground out 5-3 (Groundball, 25)
Tony Romero to third
Batting: RHB Wilbur Davis 0-0: Called Strike
0-1: Foul Ball, location: 2F
0-2: Ball
1-2: Fly out, F8 (Flyball, 8LXD)
Runner from 3rd tags up, SCORES, no throw
Batting: LHB Obidiah Lewis 0-0: Ball
1-0: Fly out, F8 (Flyball, 8LM)
Bottom of the 7th over - 1 run, 1 hit, 0 errors, 0 left on base; Richardson City 1 - D.C. 5
TOP OF THE 8TH
Richardson City Thundercats batting - Pitching for D.C. Divided : LHP Domingo Montémayor
Batting: LHB Juan Macíel 0-0: Ball
1-0: Called Strike
1-1: Fly out, F3 (Line Drive, 3)
Batting: RHB Alfredo Pizarro 0-0: Ball
1-0: Called Strike
1-1: Foul Ball, location: 2F
1-2: DOUBLE (Line Drive, 78XD)
Batting: RHB Felipe Campos 0-0: Ball
1-0: Ground out 5-3 (Groundball, 56S)
Alfredo Pizarro to third
Batting: RHB Anselmo Berneu 0-0: Called Strike
0-1: Ball
1-1: Called Strike
1-2: Ground out 4-3 (Groundball, 4)
Top of the 8th over - 0 runs, 1 hit, 0 errors, 1 left on base; Richardson City 1 - D.C. 5
BOTTOM OF THE 8TH
D.C. Divided batting - Pitching for Richardson City Thundercats : RHP Weston Fisher
Batting: RHB Brant Thigpen 0-0: Ball
1-0: Foul Ball, location: 2F
1-1: Ball
2-1: Fly out, F8 (Flyball, 8LD)
Pitching: RHP Kelsey MacGillivary
Batting: RHB Roberto Maestas 0-0: Ground out 5-3 (Groundball, 56)
Batting: LHB Yao-pang Chiang 0-0: Ball
1-0: Called Strike
1-1: Fly out, F9 (Flyball, 89M)
Bottom of the 8th over - 0 runs, 0 hits, 0 errors, 0 left on base; Richardson City 1 - D.C. 5
TOP OF THE 9TH
Richardson City Thundercats batting - Pitching for D.C. Divided : LHP Domingo Montémayor
Batting: LHB Ashley Thachi 0-0: Ball
1-0: Ground out 3-1 (Groundball, 3S)
Batting: RHB Tomás Martínez 0-0: SINGLE (Line Drive, 7LS)
Pitching: RHP Brewster Warble
Batting: RHB Javier Rivera 0-0: Ball
1-0: Foul Ball, location: 2F
1-1: Ball
2-1: Ball
3-1: Called Strike
3-2: Base on Balls
Tomás Martínez to second
Pitching: RHP Roberto Silva
Batting: RHB IV Seacat 0-0: Ball
1-0: Foul Ball, location: 2F
1-1: Fielders Choice at 2nd, 5-4 (Groundball, 56)
Tomás Martínez to third
Batting: RHB Louis Gibbons 0-0: Ball
1-0: Foul Ball, location: 2F
1-1: Foul Ball, location: 2F
1-2: Foul Ball, location: 2F
1-2: Foul Ball, location: 2F
1-2: Strikes out looking
Top of the 9th over - 0 runs, 1 hit, 0 errors, 2 left on base; Richardson City 1 - D.C. 5
Wednesday, September 19th, 2018 - OOTP Baseball 18.8 Build 76